 Dungeon Crawl Stone Soup version 0.22.0-60-ga52c2fcf6e (webtiles) character file.

139 JedernureinKreuz the Conjurer (level 5, -3/37 HPs)
             Began as a Gnoll Conjurer on Sept 11, 2018.
             Killed by nerve-wracking pain
             ... invoked by Grinder
              (7 damage)
             ... on level 3 of the Dungeon.
             The game lasted 00:08:13 (2079 turns).

JedernureinKreuz the Conjurer (Gnoll Conjurer)      Turns: 2079, Time: 00:08:13

Health: -3/37      AC:  5    Str: 10    XL:     5   Next: 22%
Magic:  2/12       EV: 14    Int: 18    God:
Gold:   166        SH:  0    Dex: 16    Spells: 13/14 levels left

rFire    . . .     SeeInvis .   A - +2 short sword (elec)
rCold    . . .     Gourm    .   (no shield)
rNeg     . . .     Faith    .   h - +0 leather armour
rPois    .         Spirit   .   n - +2 hat
rElec    .         Reflect  .   (no cloak)
rCorr    .         Harm     .   (no gloves)
MR       .....                  (no boots)
Stlth    +++.......             (no amulet)
HPRegen  0.12/turn              (no ring)
MPRegen  0.13/turn              (no ring)

@: very slightly contaminated
A: distributed training, fangs 1, strong nose
a: no special abilities


You were on level 3 of the Dungeon.
You were not hungry.

You visited 1 branch of the dungeon, and saw 3 of its levels.

You collected 166 gold pieces.

Inventory:

Hand Weapons
 e - a +0 dagger
 r - a +0 hand crossbow
 u - a +0 quarterstaff
 y - a +0 blowgun
 A - a +2 short sword of electrocution (weapon)
Missiles
 f - 59 stones (quivered)
 g - 17 arrows
 B - 12 poisoned needles
Armour
 a - a +0 robe
 h - a +0 leather armour (worn)
 n - a +2 hat (worn)
Jewellery
 d - a cursed amulet of faith {unknown}
 t - an uncursed amulet of regeneration {unknown}
Scrolls
 i - 2 scrolls of identify {unknown}
 p - a scroll of amnesia {unknown}
 q - a scroll of fear {unknown}
 v - a scroll of enchant armour
 w - 3 scrolls of blinking {unknown}
 x - a scroll of remove curse
Potions
 b - 2 potions of might {unknown}
 j - a potion of mutation {unknown}
 k - 2 potions of curing {unknown}
 l - a potion of heal wounds {unknown}
 m - 2 potions of lignification {unknown}
 o - a potion of haste {unknown}
 s - a potion of berserk rage {unknown}
 z - a potion of flight {unknown}
Comestibles
 c - 13 rations
 C - a chunk of flesh


   Skills:
 + Level 1.4 Fighting
 + Level 1.4 Short Blades
 + Level 1.4 Long Blades
 + Level 1.4 Axes
 + Level 1.4 Maces & Flails
 + Level 1.4 Polearms
 + Level 1.4 Staves
 + Level 1.4 Slings
 + Level 1.4 Bows
 + Level 1.4 Crossbows
 + Level 1.4 Throwing
 + Level 1.4 Armour
 + Level 4.7 Dodging
 + Level 4.3 Stealth
 + Level 1.4 Shields
 + Level 1.4 Unarmed Combat
 + Level 5.1 Spellcasting
 + Level 7.2 Conjurations
 + Level 1.1 Hexes
 + Level 1.1 Charms
 + Level 1.1 Summonings
 + Level 1.1 Necromancy
 + Level 1.1 Translocations
 + Level 1.1 Transmutations
 + Level 1.1 Fire Magic
 + Level 1.1 Ice Magic
 + Level 1.1 Air Magic
 + Level 1.1 Earth Magic
 + Level 1.1 Poison Magic
 + Level 1.5 Invocations
 + Level 1.4 Evocations


You had 13 spell levels left.
You knew the following spells:

 Your Spells              Type           Power        Failure   Level  Hunger
a - Magic Dart            Conj           ####         1%          1    None

Your spell library contained the following spells:

 Spells                   Type           Power        Failure   Level  Hunger
 Searing Ray              Conj           ####..       1%          2    #......
 Iskenderun's Mystic Bla  Conj           ####....     9%          4    ####...
 Dazzling Spray           Conj/Hex       ###...       10%         3    ##.....
 Force Lance              Conj/Tloc      ###.....     30%         4    ####...
 Fulminant Prism          Conj/Hex       ###.......   30%         4    ####...


Dungeon Overview and Level Annotations

Branches:
Dungeon (3/15)

Altars:
Makhleb
Nemelex Xobeh
Zin

Annotations:
D:3 Grinder


Innate Abilities, Weirdness & Mutations

Your experience applies equally to all skills.
You have very sharp teeth.
Your uncanny sense of smell can sniff out nearby items.


Message History

Confirm with . or Enter, or press ? or * to list all spells.
Aiming: Magic Dart (safe; 1% risk of failure)
Press: ? - help, Shift-Dir - straight line, f - Grinder
Aim: Grinder (lightly wounded)
The magic dart hits Grinder.
Grinder is lightly wounded.
Casting: Magic Dart (safe; 1% risk of failure)
Confirm with . or Enter, or press ? or * to list all spells.
Aiming: Magic Dart (safe; 1% risk of failure)
Press: ? - help, Shift-Dir - straight line, f/p - Grinder
Aim: Grinder (lightly wounded)
The magic dart hits Grinder.
Grinder is lightly wounded.
Grinder hits you.
* * * LOW HITPOINT WARNING * * *
You writhe in agony.
* * * LOW HITPOINT WARNING * * *
Grinder gestures at you. Pain shoots through your body!
You die...

# ##.# ### #.# ..## #.####
...# #....# ...#
#..<)###..... ##.#
#....#.....5. #.#
#....#....... #.#
######....#....... ##.#
#...##..@.#....... ...#
###...##....#.)..... ####
#.....##..†5#§......
#######.....#.....†.......
............'.............
##.####.....#.......####..
##+####....########...
...........# ....
...........# #...#


You could see Grinder.

Vanquished Creatures
  Jessica (D:2)
  4 gnolls
  An adder (D:3)
  A worm (D:2)
  2 dart slugs
  A leopard gecko (D:1)
  2 orcs (D:3)
  4 giant cockroaches
  8 goblins
  5 hobgoblins
  3 jackals (D:2)
  A quokka (D:2)
  9 bats
  3 frilled lizards
  5 kobolds
  7 rats
57 creatures vanquished.

Notes
Turn   | Place    | Note
-------+----------+-------------------------------------------
     0 | D:1      | JedernureinKreuz the Gnoll Conjurer began the quest for the
                  | Orb.
     0 | D:1      | Reached XP level 1. HP: 13/13 MP: 6/6
   126 | D:1      | Reached XP level 2. HP: 19/19 MP: 5/7
   633 | D:1      | Reached XP level 3. HP: 25/25 MP: 7/9
   789 | D:2      | Reached skill level 5 in Spellcasting
  1009 | D:2      | Noticed Jessica
  1025 | D:2      | Killed Jessica
  1025 | D:2      | Reached skill level 1 in Fighting
  1025 | D:2      | Reached skill level 1 in Short Blades
  1025 | D:2      | Reached skill level 1 in Long Blades
  1025 | D:2      | Reached skill level 1 in Axes
  1025 | D:2      | Reached skill level 1 in Maces & Flails
  1025 | D:2      | Reached skill level 1 in Polearms
  1025 | D:2      | Reached skill level 1 in Staves
  1025 | D:2      | Reached skill level 1 in Slings
  1025 | D:2      | Reached skill level 1 in Bows
  1025 | D:2      | Reached skill level 1 in Crossbows
  1025 | D:2      | Reached skill level 1 in Throwing
  1025 | D:2      | Reached skill level 1 in Armour
  1025 | D:2      | Reached skill level 1 in Shields
  1025 | D:2      | Reached skill level 1 in Unarmed Combat
  1025 | D:2      | Reached skill level 1 in Invocations
  1025 | D:2      | Reached skill level 1 in Evocations
  1025 | D:2      | Reached XP level 4. HP: 23/32 MP: 0/11
  1081 | D:2      | Found a sparkling altar of Nemelex Xobeh.
  1129 | D:2      | Found a burning altar of Makhleb.
  1557 | D:3      | Reached skill level 1 in Hexes
  1557 | D:3      | Reached skill level 1 in Charms
  1557 | D:3      | Reached skill level 1 in Summonings
  1557 | D:3      | Reached skill level 1 in Necromancy
  1557 | D:3      | Reached skill level 1 in Translocations
  1557 | D:3      | Reached skill level 1 in Transmutations
  1557 | D:3      | Reached skill level 1 in Fire Magic
  1557 | D:3      | Reached skill level 1 in Ice Magic
  1557 | D:3      | Reached skill level 1 in Air Magic
  1557 | D:3      | Reached skill level 1 in Earth Magic
  1557 | D:3      | Reached skill level 1 in Poison Magic
  1586 | D:3      | Reached XP level 5. HP: 10/37 MP: 1/12
  1954 | D:3      | Found a sparkling altar of Nemelex Xobeh.
  1986 | D:3      | Found a glowing silver altar of Zin.
  2047 | D:3      | Noticed Grinder
  2079 | D:3      | Killed from afar by Grinder

Skill      XL: |  1  2  3  4 |
---------------+-------------+-----
Spellcasting   | 5 |  5.1
Fighting       | 1 |  1.4
Short Blades   | 1 |  1.4
Long Blades    | 1 |  1.4
Axes           | 1 |  1.4
Maces & Flails | 1 |  1.4
Polearms       | 1 |  1.4
Staves         | 1 |  1.4
Slings         | 1 |  1.4
Bows           | 1 |  1.4
Crossbows      | 1 |  1.4
Throwing       | 1 |  1.4
Armour         | 1 |  1.4
Shields        | 1 |  1.4
Unarmed Combat | 1 |  1.4
Invocations    | 1 |  1.5
Evocations     | 1 |  1.4
Hexes          | 1 |  1.1
Charms         | 1 |  1.1
Summonings     | 1 |  1.1
Necromancy     | 1 |  1.1
Translocations | 1 |  1.1
Transmutations | 1 |  1.1
Fire Magic     | 1 |  1.1
Ice Magic      | 1 |  1.1
Air Magic      | 1 |  1.1
Earth Magic    | 1 |  1.1
Poison Magic   | 1 |  1.1
Dodging        | |  4.7
Stealth        | |  4.3
Conjurations   | |  7.2

Action                   |  1- 3 |  4- 6 || total
-------------------------+-------+-------++-------
Melee: Dagger            |    27 |    20 ||    47
       Bite              |     1 |     4 ||     5
       Short sword       |       |     9 ||     9
 Cast: Magic Dart        |    46 |    51 ||    97
  Use: Scroll            |     2 |       ||     2
 Stab: Sleeping          |       |     2 ||     2
  Eat: Chunk             |       |     3 ||     3
Armor: Leather armour    |     6 |     5 ||    11
Dodge: Dodged            |    20 |    31 ||    51
